 Dungeon Crawl Stone Soup version 0.21-a0-531-gacddea6 (webtiles) character file.

8 Gerstahl the Slasher (level 2, 23/23 HPs)
             Began as a Demonspawn Gladiator on Dec 12, 2017.
             Quit the game on level 1 of the Dungeon.
             The game lasted 00:00:16 (618 turns).

Gerstahl the Slasher (Demonspawn Gladiator)          Turns: 618, Time: 00:00:17

Health: 23/23      AC:  4    Str: 14    XL:     2   Next: 0%
Magic:  2/2        EV: 12    Int:  9    God:
Gold:   53         SH:  0    Dex: 14    Spells: 1/1 levels left

rFire    . . .     SeeInvis .   a - +0 long sword
rCold    . . .     Gourm    .   (no shield)
rNeg     . . .     Faith    .   b - +0 leather armour
rPois    .         Spirit   .   c - +0 helmet
rElec    .         Reflect  .   (no cloak)
rCorr    .         Harm     .   (no gloves)
MR       .....                  (no boots)
Stlth    +.........             (no amulet)
HPRegen  0.07/turn              (no ring)
MPRegen  0.08/turn              (no ring)

@: no status effects
A: powered by death 1
a: no special abilities


You were on level 1 of the Dungeon.
You were not hungry.

You visited 1 branch of the dungeon, and saw 1 of its levels.

You collected 53 gold pieces.

Inventory:

Hand Weapons
 a - a +0 long sword (weapon)
Missiles
 d - 3 throwing nets (quivered)
Armour
 b - a +0 leather armour (worn)
 c - a +0 helmet (worn)
Scrolls
 h - a scroll of identify {unknown}
 i - 3 scrolls of remove curse {unknown}
 j - a scroll of amnesia {unknown}
Potions
 e - a potion of brilliance {unknown}
 g - a potion of lignification {unknown}
Comestibles
 f - 2 bread rations


   Skills:
 + Level 2.3 Fighting
 + Level 3.0 Long Blades
 - Level 1.7 Throwing
 - Level 2.6 Dodging


You had one spell level left.
You didn't know any spells.

Dungeon Overview and Level Annotations

Branches:
Dungeon (1/15)

Altars:


Innate Abilities, Weirdness & Mutations

You regenerate a little health from kills.


Message History

The kobold shouts!
The kobold throws a stone.
The stone barely misses you.
There is an open door here.
You see here a stone.
The kobold throws a stone.
The stone closely misses you.
You see here a stone.
A kobold is nearby!
A kobold is nearby!
The kobold throws a stone.
The stone closely misses you.
Found a bread ration.
A kobold is nearby!
A kobold is nearby!
You hit the kobold but do no damage.
The kobold hits you but does no damage. x2
A kobold is nearby!
You slash the kobold!
You kill the kobold!
You have reached level 2!
Your demonic ancestry asserts itself...
A wave of death washes over you.
Are you sure you want to abandon this character and quit the game? (Confirm with "yes".)

.....# # .....# #. .....# %##
.....# ..#.....#
.###+#.#.....# .......)...#
#....@...# ##### #........#
#.#.... +........# # #......
#....((..# #. ...#.#.# .....
####+#(#.###.# #.#.#.# ......
#...........#.#.#.. ......
#...........#.#.#.#
......#####.....####....#.#.#
......#...#.#+#.# #..#.....#


There were no monsters in sight!

Vanquished Creatures
  A leopard gecko (D:1)
  2 bats (D:1)
  A goblin (D:1)
  A kobold (D:1)
  3 rats (D:1)
8 creatures vanquished.

Notes
Turn   | Place    | Note
-------+----------+-------------------------------------------
     0 | D:1      | Gerstahl the Demonspawn Gladiator began the quest for the Orb.
     0 | D:1      | Reached XP level 1. HP: 16/16 MP: 1/1
   524 | D:1      | Reached skill level 3 in Long Blades
   617 | D:1      | Gained mutation: You regenerate a little health from kills. [demonic ancestry]
   617 | D:1      | Reached XP level 2. HP: 23/23 MP: 2/2
   618 | D:1      | Quit the game

Vault maps used:
D:1:      lemuel_arrival_broad_hall

Skill      XL: |  1 |
---------------+----+-----
Long Blades    | 3 |  3.0
Fighting       | |  2.3
Throwing       | |  1.7
Dodging        | |  2.6

Action                   || total
-------------------------++-------
Melee: Long sword        ||    19
Armor: Leather armour    ||     5
Dodge: Dodged            ||    15
       Rpst.: Long sword ||     3

Table legend:
 A = Spawn XP
 B = Non-spawn XP
 C = Spawn XP percentage of total XP
 D = Spawn monster count
 E = Non-spawn monster count
 F = Spawn count percentage of total count
 G = Total turns spent on level
                    A         B        C        D         E        F      G
               +---------+---------+-------+---------+---------+-------+---------
         Total |       0 |      12 |   0.0 |       0 |       8 |   0.0 |   618
               +---------+---------+-------+---------+---------+-------+---------
           D:1 |       0 |      12 |   0.0 |       0 |       8 |   0.0 |   618
               +---------+---------+-------+---------+---------+-------+---------
